 Seeded DCSS version 0.29-a0-393-g47a863cc1b (webtiles) character file.

Game seed: 13605594255664981076 (custom seed)

597 thiscave3701365 the Chopper (level 7, -6/62 HPs)
             Began as a Minotaur Berserker on May 9, 2022.
             Was a Believer of Trog.
             Mangled by an ice beast (12 damage)
             ... on level 5 of the Dungeon.
             The game lasted 00:02:37 (5157 turns).

thiscave3701365 the Chopper (Minotaur Berserker)    Turns: 5157, Time: 00:02:37

Health: -6/62      AC: 10    Str: 23    XL:     7   Next: 17%
Magic:  6/6        EV:  9    Int:  4    God:    Trog [**....]
Gold:   203        SH:  0    Dex: 10    Spells: 6/6 levels left

rFire   . . .      SeeInvis .   a - +0 hand axe
rCold   . . .      Faith    .   (no shield)
rNeg    . . .      Spirit   .   o - +1 chain mail {rPois}
rPois   +          Reflect  .   (helmet restricted)
rElec   .          Harm     .   (no cloak)
rCorr   .          Rampage  .   (no gloves)
Will    .....                   (no boots)
Stlth   ..........              (no amulet)
HPRegen 0.20/turn               (no ring)
MPRegen 0.10/turn               (no ring)

@: on berserk cooldown, slowed, very slow
A: horns 2, retaliatory headbutt
a: Renounce Religion, Berserk, Trog's Hand


You were on level 5 of the Dungeon.
You worshipped Trog.
Trog was pleased with you.
You visited 1 branch of the dungeon, and saw 5 of its levels.

You collected 203 gold pieces.

Inventory:

Hand Weapons
 a - a +0 hand axe (weapon)
Missiles
 v - a throwing net
Armour
 b - a +0 animal skin
 o - a +1 chain mail of poison resistance (worn)
Jewellery
 r - a ring of protection from cold
Wands
 u - a wand of charming (10)
 w - a wand of digging (3)
Scrolls
 d - a scroll of immolation {unknown}
 e - 6 scrolls of identify {unknown}
 g - a scroll of blinking {unknown}
 h - 2 scrolls of fog {unknown}
 i - 2 scrolls of vulnerability {unknown}
 j - 2 scrolls of poison {unknown}
 p - a scroll of torment {unknown}
 q - a scroll of teleportation {unknown}
Potions
 c - a potion of brilliance {unknown}
 f - 2 potions of haste {unknown}
 k - a potion of might {unknown}
 l - a potion of ambrosia {unknown}
 m - a potion of magic {unknown}
 n - a potion of flight {unknown}
 s - a potion of heal wounds {unknown}
 t - a potion of mutation {unknown}


   Skills:
 + Level 5.8 Fighting
 + Level 7.1 Axes
 + Level 4.5 Armour
 + Level 3.5 Dodging
 + Level 0.6 Stealth


You had 6 spell levels left.
You didn't know any spells.
Your spell library was empty.

Dungeon Overview and Level Annotations

Branches:
Dungeon (5/15)             Temple (0/1) D:4

Altars:
Cheibriados
Gozag
Makhleb
Nemelex Xobeh
Okawaru
Uskayaw


Innate Abilities, Weirdness & Mutations

You have a pair of horns on your head.
You reflexively headbutt those who attack you in melee.


Message History

You closely miss the ice beast. You headbutt the ice beast!
The ice beast is moderately wounded.
The ice beast barely misses you.
Unknown command.
You closely miss the ice beast. You headbutt the ice beast!
The ice beast is heavily wounded.
The ice beast hits you. The ice beast freezes you!
The ice beast hits you but does no damage.
The ice beast attacks as you move away! The ice beast completely misses you.
You closely miss the ice beast. You headbutt the ice beast.
The ice beast is heavily wounded.
The ice beast barely misses you. x2
You hit the ice beast but do no damage.
You headbutt the ice beast, but do no damage.
The ice beast is heavily wounded.
The ice beast hits you but does no damage.
You hit the ice beast but do no damage. You headbutt the ice beast!
The ice beast is severely wounded.
The ice beast hits you but does no damage.
The ice beast hits you. The ice beast freezes you!
Unknown command.
You are too injured to fight recklessly!
You are too injured to fight recklessly!
Unknown command.
You are too injured to fight recklessly!
Unknown command.
You are too injured to fight recklessly!
You hit the ice beast but do no damage. Your headbutt misses the ice beast.
The ice beast is severely wounded.
The ice beast hits you. The ice beast freezes you!
* * * LOW HITPOINT WARNING * * *
You barely miss the ice beast.
The ice beast is severely wounded.
The ice beast hits you but does no damage.
You hit the ice beast.
The ice beast is almost dead.
The ice beast hits you.
* * * LOW HITPOINT WARNING * * *
The ice beast freezes you!
You die...

...... ..... ....
...< ... #.#
..#######.#
........Y)#
.......@..#
#......)..#
..####.##.#
####.##.#########.#.
....................
###..##.###.......#
#.....# #.####..#
#...### #.# # #...
#.#


You could see an ice beast.

Vanquished Creatures
  2 ogres
  A phantom (D:5)
  2 orc priests (D:4)
  An iguana (D:3)
  2 orc wizards (D:5)
  8 gnolls
  4 adders
  An ufetubus (D:4)
  A worm (D:5)
  18 orcs
  4 endoplasms
  3 giant cockroaches
  8 goblins
  4 hobgoblins
  3 jackals (D:1)
  A quokka (D:4)
  10 ball pythons
  A bat (D:3)
  3 frilled lizards
  5 kobolds
  7 rats
89 creatures vanquished.

Notes
Turn   | Place    | Note
-------+----------+-------------------------------------------
     0 | D:1      | thiscave3701365 the Minotaur Berserker began the quest for
                  | the Orb.
     0 | D:1      | Reached XP level 1. HP: 19/19 MP: 0/0
   283 | D:1      | Found a faded altar of an unknown god.
   338 | D:1      | Reached XP level 2. HP: 20/27 MP: 1/1
   341 | D:1      | Reached skill level 4 in Axes
  1209 | D:2      | Reached XP level 3. HP: 23/33 MP: 2/2
  1218 | D:2      | Reached ** piety under Trog
  1436 | D:2      | Reached XP level 4. HP: 40/41 MP: 3/3
  1501 | D:2      | Reached skill level 5 in Axes
  2234 | D:3      | Reached skill level 5 in Fighting
  2503 | D:3      | Found a burning altar of Makhleb.
  2503 | D:3      | Found a hide-covered altar of Uskayaw.
  3413 | D:4      | Noticed an ogre
  3420 | D:4      | Killed an ogre
  3421 | D:4      | Reached XP level 5. HP: 44/48 MP: 4/4
  3656 | D:4      | Found a staircase to the Ecumenical Temple.
  3723 | D:4      | Found an opulent altar of Gozag.
  3723 | D:4      | Found a sparkling altar of Nemelex Xobeh.
  3821 | D:4      | Reached skill level 6 in Axes
  3827 | D:4      | Reached XP level 6. HP: 51/56 MP: 5/5
  4289 | D:4      | Found an iron altar of Okawaru.
  4350 | D:4      | Found a snail-covered altar of Cheibriados.
  5009 | D:5      | Entered Level 5 of the Dungeon
  5140 | D:5      | Reached skill level 7 in Axes
  5140 | D:5      | Reached XP level 7. HP: 62/62 MP: 6/6
  5157 | D:5      | Mangled by an ice beast

Illustrated notes

Levels and vault maps discovered:
D:1:      wander_arrival_lonely_grave, layout_basic,
          ebering_ecumenical_altar_rust
D:2:      layout_basic, minmay_misc_feat_tower, grunt_decor_mini_mirrors
D:3:      layout_basic, mainiacjoe_overflow_divided_tiny
D:4:      layout_loops_ring, grunt_temple_overflow_opulence,
          general_overflow_altar, mainiacjoe_overflow_24_doors, temple_doors_ab
D:5:      layout_basic, mainiacjoe_overflow_paths

Skill      XL: |  1  2  3  4  5  6 |
---------------+-------------------+-----
Fighting       | 4 5 |  5.8
Axes           | 4 5 6 7 |  7.1
Armour         | 3 4 |  4.5
Dodging        | 3 |  3.5
Stealth        | |  0.6

Action                   |  1- 3 |  4- 6 |  7- 9 || total
-------------------------+-------+-------+-------++-------
Melee: Hand axe          |    48 |   124 |    15 ||   187
       Headbutt          |     8 |    20 |     7 ||    35
Invok: Berserk           |     1 |     7 |       ||     8
Armor: Animal skin       |    10 |     3 |       ||    13
       Chain mail        |       |    38 |     7 ||    45
Dodge: Dodged            |    34 |    47 |     7 ||    88

Table legend: (Time is in decaauts)
 A = Elapsed time spent in this place.
 B = Non-inter-level travel time spent in this place.
 C = Inter-level travel time spent in this place.
 D = Time resting spent in this place.
 E = Time spent auto-exploring this place.
 F = Levels seen in this place.
 G = Mean time per level.
                   A        B        C        D        E       F      G
               +--------+--------+--------+--------+--------+-----+--------+
         Total |   5215 |   4988 |    227 |   1373 |   3181 |   5 | 1043.0 |
       Dungeon |   5215 |   4988 |    227 |   1373 |   3181 |   5 | 1043.0 |
               +--------+--------+--------+--------+--------+-----+--------+

Top non-repeatable levels by time:
     D:4: 1634 daAuts
     D:3: 1196 daAuts
     D:2: 1156 daAuts
     D:1: 1083 daAuts
     D:5: 146 daAuts
